 Dungeon Crawl Stone Soup version 0.24.0-125-gc4c63601f3 (webtiles) character file.

Game seed: 3671888767588761829, levelgen mode: deterministic

613 Frank2 the Cudgeler (level 7, 0/52 HPs)
             Began as a Demonspawn Gladiator on Mar 7, 2020.
             Slain by Grinder (5 damage)
             ... while paralysed by Grinder
             ... on level 5 of the Dungeon.
             The game lasted 00:07:17 (3572 turns).

Frank2 the Cudgeler (Demonspawn Gladiator)          Turns: 3572, Time: 00:07:18

Health: 0/52       AC:  8    Str: 20    XL:     7   Next: 20%
Magic:  0/7        EV:  2    Int:  9    God:
Gold:   183        SH:  0    Dex: 16    Spells: 6/6 levels left

rFire    + . .     SeeInvis .   b - +2 mace (drain)
rCold    + . .     Gourm    .   (no shield)
rNeg     . . .     Faith    .   h - +2 scale mail {rF+}
rPois    .         Spirit   +   (helmet restricted)
rElec    .         Reflect  .   (no cloak)
rCorr    .         Harm     .   (no gloves)
MR       .....                  (no boots)
Stlth    ..........             (no amulet)
HPRegen  0.17/turn              (no ring)
MPRegen  0.10/turn              (no ring)

@: paralysed, mighty
A: claws 2, hooves 1, horns 1, blurry vision 1, cold resistance 1, magic shield
a: no special abilities


You were on level 5 of the Dungeon.
You were hungry.

You visited 1 branch of the dungeon, and saw 5 of its levels.

You collected 183 gold pieces.

Inventory:

Hand Weapons
 a - a +0 flail
 b - a +2 mace of draining (weapon)
Missiles
 d - 2 throwing nets (quivered)
Armour
 h - a +2 scale mail of fire resistance (worn)
 n - a +0 ring mail of poison resistance
Jewellery
 e - an uncursed ring of poison resistance
 i - an uncursed ring of protection from cold
 m - an uncursed ring of flight
 o - an uncursed amulet of faith
Wands
 k - a wand of paralysis (16)
 p - a wand of random effects (14)
 t - a wand of disintegration (12)
Scrolls
 g - a scroll of identify
Potions
 j - a potion of mutation
 l - a potion of ambrosia
 q - a potion of lignification
 v - a potion of brilliance
Comestibles
 f - 7 rations
 r - a chunk of flesh


   Skills:
 + Level 3.2 Fighting
 + Level 5.4 Maces & Flails
 - Level 1.7 Throwing
 + Level 3.2 Armour
 + Level 3.8 Dodging
 * Level 1.2 Evocations


You had 6 spell levels left.
You didn't know any spells.
Your spell library was empty.

Dungeon Overview and Level Annotations

Branches:
Dungeon (5/15)
 Temple: D:4-7

Altars:
Nemelex Xobeh

Annotations:
D:5 Grinder, Prince Ribbit


Innate Abilities, Weirdness & Mutations

You have very sharp fingernails.
When hurt, damage is shared between your health and your magic reserves.
You have large cloven feet.
You have a pair of small horns on your head.
Scrolls take you a little longer to read.
Your flesh is cold resistant. (rC+)


Message History

Pain shoots through your body!
Grinder drinks a potion.
Grinder is healed!
You closely miss Grinder. Your kick misses Grinder.
Grinder is heavily wounded.
Grinder completely misses you.
You barely miss Grinder. Your kick misses Grinder.
Grinder is heavily wounded.
Grinder hits you.
You writhe in agony.
You thump Grinder! You kick Grinder!
Grinder is almost dead.
Grinder gestures at you.
You suddenly lose the ability to move!
Prince Ribbit blinks!
Grinder hits you.
You writhe in agony.
Grinder hits you.
* * * LOW HITPOINT WARNING * * *
Prince Ribbit hits you!
* * * LOW HITPOINT WARNING * * *
Grinder hits you.
* * * LOW HITPOINT WARNING * * *
You writhe in agony.
You die...

.# *,****,**** .#
*,**,,,,,*##** .####
*,##,***,#.,,*********** †..>#
*,,..* *..,,,,,,,,,,,,,, †##.#
****.###.*,,,*********** .##,#
*,...,***** *,,,,
..#,###########(#** *,***
#.#.#.......(.§5########*****,*
#.#.#.#*######.#@F......,,,,,,*
#..#..#######.###<######*******
#.###..).....## *#.#
#..#..#######.#**,## #.))..#
*#.#,** ####### *#.#* *##


You could see Prince Ribbit and Grinder.

Vanquished Creatures
  An ogre (D:4)
  2 scorpions (D:4)
  A hound (D:4)
  3 orc priests
  Jessica (D:2)
  Terence (D:2)
  An orc wizard (D:5)
  Ijyb (D:4)
  A hound skeleton (D:3)
  Robin (D:2)
  2 gnolls (D:5)
  A howler monkey skeleton (D:4)
  5 adders
  2 oozes
  2 worms
  3 dart slugs
  3 leopard geckos
  10 orcs
  3 giant cockroaches
  19 goblins
  6 hobgoblins
  2 jackals (D:3)
  4 kobolds
  A quokka (D:4)
  A ball python (D:4)
  4 bats
  7 frilled lizards
  4 rats
92 creatures vanquished.

Notes
Turn   | Place    | Note
-------+----------+-------------------------------------------
     0 | D:1      | Frank2 the Demonspawn Gladiator began the quest for the
                  | Orb.
     0 | D:1      | Reached XP level 1. HP: 16/16 MP: 1/1
   222 | D:1      | Reached skill level 3 in Maces & Flails
   222 | D:1      | Gained mutation: You have sharp fingernails. [demonic
                  | ancestry]
   222 | D:1      | Reached XP level 2. HP: 22/22 MP: 2/2
   720 | D:2      | Noticed Terence
   726 | D:1      | Reached XP level 3. HP: 24/27 MP: 3/3
   915 | D:2      | Found a sparkling altar of Nemelex Xobeh.
   943 | D:2      | Noticed Jessica
   954 | D:2      | Noticed Robin
  1344 | D:2      | Gained mutation: Scrolls take you a little longer to read.
                  | [potion of mutation]
  1344 | D:2      | Gained mutation: You have large cloven feet. [potion of
                  | mutation]
  1344 | D:2      | Gained mutation: Your flesh is cold resistant. (rC+)
                  | [potion of mutation]
  1344 | D:2      | Gained mutation: You have a pair of small horns on your
                  | head. [potion of mutation]
  1352 | D:2      | Killed Robin
  1356 | D:2      | Reached XP level 4. HP: 20/33 MP: 4/4
  1411 | D:2      | Killed Jessica
  1411 | D:2      | Reached skill level 1 in Armour
  1526 | D:2      | Killed Terence
  1526 | D:2      | Reached skill level 4 in Maces & Flails
  2006 | D:3      | Gained mutation: You have very sharp fingernails. [demonic
                  | ancestry]
  2006 | D:3      | Reached XP level 5. HP: 37/39 MP: 5/5
  2816 | D:4      | Gained mutation: When hurt, damage is shared between your
                  | health and your magic reserves. [demonic ancestry]
  2816 | D:4      | Reached XP level 6. HP: 43/46 MP: 6/6
  2891 | D:4      | Noticed Ijyb
  2895 | D:4      | Killed Ijyb
  3041 | D:4      | Reached skill level 5 in Maces & Flails
  3285 | D:4      | Reached skill level 1 in Evocations
  3285 | D:4      | Reached XP level 7. HP: 45/52 MP: 5/7
  3456 | D:5      | Entered Level 5 of the Dungeon
  3558 | D:5      | Noticed Grinder
  3559 | D:5      | Noticed Prince Ribbit
  3569 | D:5      | Paralysed by Grinder for 7 turns
  3572 | D:5      | Slain by Grinder

Levels and vault maps discovered:
D:1:      minmay_arrival_open_corners, layout_basic, chequers_avenue,
          hangedman_decor_growths
D:2:      layout_rooms, lemuel_crystal_altar, first_ration, uniq_jessica,
          uniq_robin, uniq_terence
D:3:      layout_basic
D:4:      layout_basic, uniq_ijyb
D:5:      layout_loops_ring, gup_sewer_entry_glass, uniq_grinder, uniq_menkaure,
          uniq_prince_ribbit1

Skill      XL: |  1  2  3  4  5  6 |
---------------+-------------------+-----
Maces & Flails | 3 4 5 |  5.4
Dodging        | 3 |  3.8
Armour         | 1 2 3 |  3.2
Fighting       | 3 |  3.2
Evocations     | 1 |  1.2
Throwing       | |  1.7

Action                   |  1- 3 |  4- 6 |  7- 9 || total
-------------------------+-------+-------+-------++-------
Melee: Flail             |   100 |    88 |       ||   188
       Kick              |     2 |    35 |    11 ||    48
       Headbutt          |     1 |    33 |     5 ||    39
       Mace              |       |    42 |    37 ||    79
Throw: Throwing net      |       |     2 |       ||     2
  Use: Potion            |     3 |     3 |     1 ||     7
       Scroll            |       |     9 |     6 ||    15
 Stab: Distracted        |     1 |       |       ||     1
  Eat: Chunk             |     1 |     7 |       ||     8
Armor: Leather armour    |    33 |     8 |       ||    41
       Scale mail        |       |    56 |     8 ||    64
Dodge: Dodged            |   140 |    81 |    19 ||   240
